 Dungeon Crawl Stone Soup version 0.21.1-1-g345015f (webtiles) character file.

1609 chorionicmirror the Carver (level 8, -2/65 HPs)
             Began as a Demonspawn Abyssal Knight on June 21, 2018.
             Was a Priest of Lugonu.
             Slain by a sky beast (3 damage)
             ... on level 5 of the Dungeon.
             The game lasted 00:21:14 (6730 turns).

chorionicmirror the Carver (DsAK)                   Turns: 6730, Time: 00:21:17

Health: -2/65      AC:  9    Str: 21    XL:     8   Next: 63%
Magic:  11/11      EV: 11    Int: 13    God:    Lugonu [***...]
Gold:   354        SH:  4    Dex: 12    Spells: 7/7 levels left

rFire    + + .     SeeInvis .   a - +1 falchion
rCold    . . .     Gourm    .   (no shield)
rNeg     . . .     Faith    .   n - +0 ring mail
rPois    .         Spirit   .   (helmet restricted)
rElec    .         Reflect  .   (no cloak)
rCorr    .         Harm     .   b - +2 pair of gloves
MR       .....                  p - +0 pair of boots
Stlth    ++........             (no amulet)
HPRegen  0.60/turn              j - ring of protection from fire
MPRegen  0.12/turn              i - ring of stealth

@: mighty
A: antennae 1, large bone plates 1, fire resistance 1, high mp 1, mutation
resistance 1, powered by pain 1, regeneration 1
a: Depart the Abyss, Bend Space, Banish, Renounce Religion


You were on level 5 of the Dungeon.
You worshipped Lugonu.
Lugonu was most pleased with you.
You were not hungry.

You visited 1 branch of the dungeon, and saw 6 of its levels.
You visited the Abyss 1 time.

You collected 354 gold pieces.

Inventory:

Hand Weapons
 a - a +1 falchion (weapon)
 e - a +0 flail of draining
Armour
 b - a +2 pair of gloves (worn)
 n - a +0 ring mail (worn)
 p - a +0 pair of boots (worn)
Jewellery
 i - a ring of stealth (right hand)
 j - a ring of protection from fire (left hand)
Wands
 l - a wand of flame (34)
 m - a wand of paralysis (12)
Scrolls
 h - 2 scrolls of teleportation
 k - 6 scrolls of remove curse
 o - 2 scrolls of identify
Potions
 s - a potion of cancellation
Books
 d - a book of Necromancy

   Spells                             Type                      Level
   a - Pain                           Necromancy                   1
   b - Animate Skeleton               Necromancy                   1
   c - Vampiric Draining              Necromancy                   3
   d - Regeneration                   Charms/Necromancy            3
   e - Animate Dead                   Necromancy                   4
   f - Borgnjor's Vile Clutch         Necromancy/Earth             5
 g - a book of Misfortune

   Spells                             Type                      Level
   a - Confusing Touch                Hexes                        1
   b - Confuse                        Hexes                        3
   c - Gell's Gravitas                Translocation                3
   d - Petrify                        Transmutation/Earth          4
   e - Metabolic Englaciation         Hexes/Ice                    5
   f - Yara's Violent Unravelling     Hexes/Transmutation          5
Comestibles
 c - 4 rations


   Skills:
 + Level 6.9 Fighting
 * Level 8.3 Long Blades
 - Level 2.0 Armour
 - Level 1.0 Dodging
 - Level 3.0 Invocations


You had 7 spell levels left.
You didn't know any spells.

Dungeon Overview and Level Annotations

Branches:
Dungeon (6/15)
 Temple: D:4-7

Altars:
Dithmenos
Elyvilon
Fedhas
Kikubaaqudgha
Ru
Uskayaw
Vehumet
Xom


Innate Abilities, Weirdness & Mutations

You are partially covered in large bone plates. (SH +4)
Your flesh is heat resistant. (rF+)
You sometimes gain a little power by taking damage.
You have a pair of small antennae on your head.
You have an increased reservoir of magic. (+10% MP)
You are somewhat resistant to further mutation.
Your natural rate of healing is unusually fast.


Message History

You closely miss the sky beast. Something hits you but does no damage.
The sky beast barely misses you.
You barely miss the sky beast.
A sky beast appears from thin air!
Reactivating autopickup.
The sky beast completely misses you.
You riposte.
You slash the sky beast!
The sky beast is moderately wounded.
The sky beast flickers out of sight!
Deactivating autopickup; reactivate with Ctrl-A.
Something hits you.
* * * LOW HITPOINT WARNING * * *
Something shocks you.
* * * LOW HITPOINT WARNING * * *
You slash the sky beast!
The sky beast is almost dead.
The sky beast hits you.
* * * LOW HITPOINT WARNING * * *
The sky beast shocks you.
* * * LOW HITPOINT WARNING * * *
Something hits you.
You die...

#.# ###...### #.#
#.#...## #.# #.#.#..#
#.# ######.####.# #.#
#.......# #.# #.#
#.####.## #.# ##### #.#
#.####.####.###.... #.#
##.{.##<##≈...≈####. #.#
##..@Y....#≈...≈# #.
#.######........##≈...≈#
#.
#................#≈...≈#
#.
########........##≈...≈#
#. ##........#≈...≈####.
##......##≈...≈#....
##......#≈...≈#####
#......###.### ##.#####
#.# #####


You could see a sky beast.

Vanquished Creatures
  Grinder (D:5)
  Menkaure (D:4)
  An ice beast (D:5)
  2 ogres
  A centaur (D:5)
  The ghost of sking99 the Magician, an amateur OpWz (D:3)
  A bullfrog (D:6)
  2 scorpions (D:5)
  A howler monkey (D:5)
  A crimson imp (D:5)
  2 orc priests (D:5)
  A centaur skeleton (D:5)
  A bullfrog skeleton (D:4)
  4 iguanas
  Ijyb (D:3)
  3 orc wizards
  2 worker ants
  A statue (D:5)
  7 gnolls
  6 adders
  4 adder skeletons
  6 worms
  3 dart slugs
  2 leopard geckos
  6 orcs
  4 ball pythons
  5 bats
  2 bat zombies (D:5)
  11 giant cockroaches
  7 goblins
  8 hobgoblins
  3 jackals (D:3)
  5 kobolds
  2 quokkas
  4 frilled lizards
  A giant cockroach zombie (D:5)
  2 quokka skeletons (D:4)
  6 rats
  4 rat zombies (D:5)
125 creatures vanquished.

Notes
Turn   | Place    | Note
-------+----------+-------------------------------------------
     0 | Abyss:1  | chorionicmirror the Demonspawn Abyssal Knight began the quest for the Orb.
     0 | Abyss:1  | Reached XP level 1. HP: 18/18 MP: 2/2
    27 | Abyss:1  | Found a shimmering altar of Xom.
    61 | Abyss:1  | Noticed a neqoxec
    65 | Abyss:1  | Noticed a reaper
    68 | Abyss:1  | Noticed a balrug
    69 | D:1      | Escaped the Abyss
   439 | D:1      | Reached skill level 1 in Dodging
   440 | D:1      | Reached skill level 2 in Long Blades
   441 | D:1      | Gained mutation: Your flesh is heat resistant. (rF+) [demonic ancestry]
   441 | D:1      | Reached XP level 2. HP: 15/24 MP: 3/3
   444 | D:1      | Reached * piety under Lugonu
  1337 | D:2      | Found a blossoming altar of Fedhas.
  1337 | D:2      | Found a hide-covered altar of Uskayaw.
  1375 | D:2      | Reached XP level 3. HP: 10/29 MP: 5/5
  1544 | D:2      | Found a shadowy altar of Dithmenos.
  2024 | D:2      | Reached skill level 3 in Long Blades
  2413 | D:3      | Reached XP level 4. HP: 35/36 MP: 6/6
  2483 | D:3      | Found a sacrificial altar of Ru.
  3105 | D:3      | Noticed Ijyb
  3119 | D:3      | Killed Ijyb
  3119 | D:3      | Reached XP level 5. HP: 39/42 MP: 7/7
  3150 | D:3      | Noticed sking99's ghost (amateur OpWz)
  3159 | D:3      | Reached ** piety under Lugonu
  3169 | D:3      | Reached skill level 4 in Long Blades
  3790 | D:3      | Killed sking99's ghost
  4010 | D:3      | Gained mutation: You sometimes gain a little power by taking damage. [demonic ancestry]
  4010 | D:3      | Reached XP level 6. HP: 44/49 MP: 8/8
  4640 | D:4      | Noticed Menkaure
  4657 | D:4      | Killed Menkaure
  4657 | D:4      | Reached skill level 5 in Long Blades
  4865 | D:4      | Reached skill level 5 in Fighting
  4984 | D:4      | Reached XP level 7. HP: 44/56 MP: 9/9
  5360 | D:4      | Gained mutation: Your natural rate of healing is unusually fast. [potion of mutation]
  5360 | D:4      | Gained mutation: You have an increased reservoir of magic. (+10% MP) [potion of mutation]
  5360 | D:4      | Gained mutation: You have a pair of small antennae on your head. [potion of mutation]
  5360 | D:4      | Gained mutation: You are somewhat resistant to further mutation. [potion of mutation]
  5362 | D:5      | Entered Level 5 of the Dungeon
  5401 | D:5      | Reached skill level 6 in Long Blades
  5930 | D:5      | Reached skill level 7 in Long Blades
  5943 | D:5      | Gained mutation: You are partially covered in large bone plates. (SH +4) [demonic ancestry]
  5943 | D:5      | Reached XP level 8. HP: 57/64 MP: 11/11
  5964 | D:5      | Reached *** piety under Lugonu
  5971 | D:5      | Found a shimmering altar of Xom.
  5992 | D:5      | Found a radiant altar of Vehumet.
  6002 | D:5      | Noticed Grinder
  6008 | D:5      | Paralysed by Grinder for 2 turns
  6017 | D:5      | Paralysed by Grinder for 5 turns
  6053 | D:5      | Paralysed by Grinder for 5 turns
  6070 | D:5      | Paralysed by Grinder for 6 turns
  6100 | D:5      | Killed Grinder
  6247 | D:5      | Found a white marble altar of Elyvilon.
  6337 | D:5      | Found an ancient bone altar of Kikubaaqudgha.
  6706 | D:6      | Reached skill level 8 in Long Blades
  6730 | D:5      | HP: 1/65 [sky beast (6)]
  6730 | D:5      | Slain by a sky beast

Skill      XL: |  1  2  3  4  5  6  7  8 |
---------------+-------------------------+-----
Armour         | 2 |  2.0
Dodging        | 1 |  1.0
Long Blades    | 2 3 4 5 7 8 |  8.3
Invocations    | 3 |  3.0
Fighting       | 4 5 6 |  6.9

Action                   |  1- 3 |  4- 6 |  7- 9 || total
-------------------------+-------+-------+-------++-------
Melee: Falchion          |    98 |   206 |   283 ||   587
Invok: Depart the Abyss  |     1 |       |       ||     1
       Bend Space        |       |       |     2 ||     2
Evoke: Wand              |     1 |       |       ||     1
  Use: Scroll            |     1 |     6 |     3 ||    10
       Potion            |       |     8 |     5 ||    13
 Stab: Sleeping          |     1 |       |       ||     1
       Paralysed         |       |     4 |       ||     4
  Eat: Chunk             |     4 |       |       ||     4
       Ration            |     1 |     2 |     2 ||     5
Armor: Leather armour    |    31 |    42 |       ||    73
       Skin              |       |    16 |       ||    16
       Ring mail         |       |     8 |    87 ||    95
Dodge: Dodged            |    53 |   125 |   125 ||   303
Block: Other             |       |       |    21 ||    21
       Rpst.: Falchion   |    17 |    34 |    38 ||    89
